 Dungeon Crawl Stone Soup version 0.25.1-2-g60ff931 (webtiles) character file.

Game seed: 10012537121540994083

705 hnb the Chopper (level 7, -3/60 HPs)
             Began as a Minotaur Fighter on Sept 3, 2020.
             Killed by divine providence
             ... invoked by an orc priest
              (11 damage)
             ... on level 5 of the Dungeon.
             The game lasted 00:25:06 (3303 turns).

hnb the Chopper (Minotaur Fighter)                  Turns: 3303, Time: 00:25:07

Health: -3/60      AC: 10    Str: 23    XL:     7   Next: 39%
Magic:  6/6        EV:  8    Int:  5    God:
Gold:   254        SH:  0    Dex:  9    Spells: 6/6 levels left

rFire    . . .     SeeInvis .   o - +4 battleaxe
rCold    . . .     Gourm    .   (shield currently unavailable)
rNeg     . . .     Faith    .   g - +0 chain mail
rPois    .         Spirit   .   (helmet restricted)
rElec    .         Reflect  .   (no cloak)
rCorr    .         Harm     .   (no gloves)
MR       .....                  (no boots)
Stlth    ..........             (no amulet)
HPRegen  0.20/turn              (no ring)
MPRegen  0.10/turn              (no ring)

@: no status effects
A: retaliatory headbutt, horns 2
a: no special abilities


You were on level 5 of the Dungeon.
You were not hungry.

You visited 1 branch of the dungeon, and saw 5 of its levels.

You collected 254 gold pieces.

Inventory:

Hand Weapons
 a - a +0 war axe
 o - a +4 battleaxe (weapon)
 t - a +2 flail of protection
Missiles
 k - 8 poisoned darts (quivered)
Armour
 c - a +0 kite shield
 g - a +0 chain mail (worn)
Jewellery
 s - an uncursed ring of ice {unknown}
 v - an uncursed ring of ice {unknown}
Wands
 u - a wand of flame (25)
Scrolls
 b - a scroll of fog
 i - a scroll of teleportation {unknown}
 j - a scroll of remove curse
 m - 2 scrolls of enchant armour {unknown}
 n - 3 scrolls of magic mapping
Potions
 d - 3 potions of might
 e - a potion of berserk rage {unknown}
 h - a potion of lignification {unknown}
 l - a potion of curing {unknown}
 p - a potion of heal wounds {unknown}
 q - 2 potions of degeneration {unknown}
 r - a potion of mutation {unknown}
Comestibles
 f - 8 rations


   Skills:
 + Level 4.9 Fighting
 * Level 7.4 Axes
 + Level 1.3 Throwing
 + Level 5.5 Armour
 + Level 0.5 Dodging
 + Level 0.1 Stealth
 + Level 4.9 Shields


You had 6 spell levels left.
You didn't know any spells.
Your spell library contained the following spells:

 Spells                   Type           Power        Failure   Level  Hunger
 Corona                   Hex            #......      98%         1    ##.....
 Ensorcelled Hibernation  Hex/Ice        #.....       99%         2    ###....
 Confusing Touch          Hex            #.......     100%        3    ####...
 Dazzling Flash           Conj/Hex       #.....       100%        3    ####...
 Tukima's Dance           Hex            #.......     100%        3    ####...


Dungeon Overview and Level Annotations

Branches:
Dungeon (5/15)
 Temple: D:4-7

Altars:
Gozag
The Shining One

Shops:
D:4 :


Innate Abilities, Weirdness & Mutations

You reflexively headbutt those who attack you in melee.
You have a pair of horns on your head.


Message History

You closely miss something. Something hits you but does no damage.
The orc priest looks satisfied for a moment.
You hear some strange, mumbled words.
You are confused.
You hear some strange, mumbled words.
Something tries to affect you, but you resist.
You bump into the rock wall.
Something hits you but does no damage.
You completely miss something. Something hits you but does no damage.
You bump into the rock wall.
You feel less confused. Something hits you but does no damage.
You hit something.
You hear some strange, mumbled words.
Something tries to affect you, but you resist.
Something hits you but does no damage.
A magic dart appears from out of thin air!
The magic dart hits you but does no damage.
The orc priest invokes the aid of Beogh against you.
Beogh smites you!
You die...

####*##### ***###...,,...#
*,,,.....,,,..#
*,***#..#***#.#
*,*###..#####.####
*********#.##.............#
*,,,,,,,,..............##.#
*,*******.##.#...########.###
*,* *,,,,,,,*##@..# #....#
**,***,***,**,#...## #..#.#
*,,,,,,***,**#.#.## #..#.#
*,***,,,,,,* ###{# #..#.####
*,* *,,***** #.# #........
*,***,** *#o#* #.#......
*,,,,,* *#.).#* #.#......
***,**** *#.....#* #........
*,**,** *#.......#* ##.......


You could see an orc priest.

Vanquished Creatures
  The ghost of Turner1 the Skirmisher, an amateur HOFi (D:3)
  Edmund (D:4)
  A centaur (D:5)
  3 wights (D:3)
  2 hounds
  A worker ant (D:4)
  5 adders
  2 oozes
  2 adder skeletons (D:4)
  3 worms
  3 dart slugs
  4 leopard geckos
  10 orcs
  7 giant cockroaches
  5 goblins
  12 hobgoblins
  4 jackals (D:4)
  6 kobolds
  A quokka (D:4)
  3 ball pythons
  2 bats
  4 frilled lizards
  7 rats
89 creatures vanquished.

Notes
Turn   | Place    | Note
-------+----------+-------------------------------------------
     0 | D:1      | hnb the Minotaur Fighter began the quest for the Orb.
     0 | D:1      | Reached XP level 1. HP: 19/19 MP: 0/0
   102 | D:1      | Reached XP level 2. HP: 27/27 MP: 1/1
   441 | D:1      | Reached skill level 3 in Axes
   851 | D:2      | Reached XP level 3. HP: 33/33 MP: 2/2
  1193 | D:2      | Found a glowing golden altar of the Shining One.
  1345 | D:2      | Reached skill level 4 in Axes
  1345 | D:2      | Reached XP level 4. HP: 37/40 MP: 3/3
  1927 | D:3      | Found a runed translucent gate.
  1933 | D:3      | Found a runed translucent gate.
  1933 | D:3      | Found a runed translucent gate.
  1933 | D:3      | Noticed Turner1's ghost (amateur HOFi)
  1956 | D:3      | Killed Turner1's ghost
  1956 | D:3      | Reached skill level 5 in Axes
  1956 | D:3      | Reached skill level 1 in Throwing
  1956 | D:3      | Reached XP level 5. HP: 19/47 MP: 4/4
  2139 | D:3      | Reached XP level 6. HP: 45/53 MP: 5/5
  2154 | D:3      | Reached skill level 6 in Axes
  2154 | D:3      | Reached skill level 5 in Armour
  2603 | D:4      | Found Gomeumon's Book Emporium.
  2644 | D:4      | Noticed Edmund
  2661 | D:4      | Killed Edmund
  2661 | D:4      | Reached XP level 7. HP: 33/60 MP: 6/6
  2935 | D:4      | Found an opulent altar of Gozag.
  2951 | D:4      | Reached skill level 7 in Axes
  3181 | D:5      | Entered Level 5 of the Dungeon
  3303 | D:5      | Killed from afar by an orc priest

Illustrated notes

Levels and vault maps discovered:
D:1:      dpeg_arrival_solitude, layout_loops_ring
D:2:      layout_loops_corners, first_ration, tso_metal_star
D:3:      layout_loops_ring, ebering_ghost_rock_garden
D:4:      lemuel_upstairs_altar, layout_basic, nicolae_gozag_seed_capital,
          serial_shops, shop, minmay_close_crescents, uniq_edmund
D:5:      layout_loops_corners, tgw_sif, overflow_temple_1_default,
          grunt_temple_overflow_cloverleaf

Skill      XL: |  1  2  3  4  5  6  7 |
---------------+----------------------+-----
Axes           | 3 4 5 6 7 |  7.4
Shields        | 4 |  4.9
Fighting       | 4 |  4.9
Armour         | 4 5 |  5.5
Throwing       | 1 |  1.3
Dodging        | |  0.5
Stealth        | |  0.1

Action                   |  1- 3 |  4- 6 |  7- 9 || total
-------------------------+-------+-------+-------++-------
Melee: War axe           |    77 |   114 |       ||   191
       Headbutt          |    10 |    24 |     2 ||    36
       Battleaxe         |       |       |    45 ||    45
Throw: Dart              |     5 |     7 |     3 ||    15
  Use: Scroll            |     2 |     2 |     7 ||    11
  Eat: Ration            |     1 |     1 |     1 ||     3
Armor: Scale mail        |     6 |       |       ||     6
       Chain mail        |    24 |    49 |    40 ||   113
Dodge: Dodged            |    26 |    24 |    19 ||    69
Block: Kite shield       |    47 |    46 |       ||    93
